TOP OF THE 1ST |
Georgia Tech Yellow Jackets batting - Pitching for Florida State Seminoles : RHP Mike Moyer
|
Pitching: RHP Mike Moyer
|
|
Batting: LHB Gary White
|
0-0: Called Strike 0-1: Foul Ball, location: 2F 0-2: Foul Ball, location: 2F 0-2: Ball 1-2: Foul Ball, location: 2F 1-2: Strikes out swinging
|
Batting: RHB Bob Corrigan
|
0-0: Ball 1-0: Swinging Strike 1-1: Ball 2-1: Foul Ball, location: 2F 2-2: SINGLE (Flyball, 8RS)
|
Batting: RHB Joe Atkinson
|
0-0: Called Strike 0-1: Foul Ball, location: 2F 0-2: Ball 1-2: Grounds into double play, 6-4-3 (Groundball, 6)
|
Top of the 1st over - 0 run(s), 1 hit(s), 0 error(s), 0 left on base; Georgia Tech 0 - Florida State 0 |
BOTTOM OF THE 1ST |
Florida State Seminoles batting - Pitching for Georgia Tech Yellow Jackets : RHP Stephen Beairsto
|
Pitching: RHP Stephen Beairsto
|
|
Batting: LHB Paul Cotton
|
0-0: Ball 1-0: Called Strike 1-1: Ball 2-1: Foul Ball, location: 2F 2-2: Strikes out swinging
|
Batting: RHB Adam Davis
|
0-0: Foul Ball, location: 2F 0-1: Swinging Strike 0-2: Fly out, F3 (Popup, 3L)
|
Batting: LHB Randy Wiggins
|
0-0: Called Strike 0-1: Swinging Strike 0-2: Strikes out swinging
|
Bottom of the 1st over - 0 run(s), 0 hit(s), 0 error(s), 0 left on base; Georgia Tech 0 - Florida State 0 |
TOP OF THE 2ND |
Georgia Tech Yellow Jackets batting - Pitching for Florida State Seminoles : RHP Mike Moyer
|
Batting: RHB Rickey Núñez
|
0-0: Called Strike 0-1: Ball 1-1: Ground out 6-3 (Groundball, 6)
|
Batting: RHB Bobby Hulsey
|
0-0: Ball 1-0: Foul Ball, location: 2F 1-1: Ball 2-1: SINGLE (Line Drive, 6D)
|
Batting: RHB Dave Bell
|
0-0: Called Strike 0-1: SINGLE (Flyball, 9LS) Bobby Hulsey to second Runner from 2nd tries for 3rd, SAFE, throw made to third
|
Batting: RHB Xavier Silva
|
0-0: Grounds into double play, 6-4-3 (Groundball, 6)
|
Top of the 2nd over - 0 run(s), 2 hit(s), 0 error(s), 1 left on base; Georgia Tech 0 - Florida State 0 |
BOTTOM OF THE 2ND |
Florida State Seminoles batting - Pitching for Georgia Tech Yellow Jackets : RHP Stephen Beairsto
|
Batting: RHB Art Cameron
|
0-0: DOUBLE (Flyball, 8RM)
|
Batting: RHB Aaron Duncan
|
0-0: Ball 1-0: Ball 2-0: Called Strike 2-1: Ball 3-1: Ground out 6-3 (Groundball, 6)
|
Batting: LHB Kevin Curtis
|
0-0: Swinging Strike 0-1: Called Strike 0-2: Ball 1-2: Foul Ball, location: 2F 1-2: Foul Ball, location: 2F 1-2: Foul Ball, location: 2F 1-2: Ball 2-2: Foul Ball, location: 2F 2-2: Foul Ball, location: 2F 2-2: SINGLE (Line Drive, 6D) Art Cameron to third Runner from 3rd tries for Home, SAFE, no throw or cutoff
|
Batting: RHB Eugene Fisher
|
0-0: Ball 1-0: Foul Ball, location: 2F 1-1: Fly out, F9 (Flyball, 89M)
|
Batting: RHB John Newman
|
0-0: Called Strike 0-1: Ground out 6-3 (Groundball, 6)
|
Bottom of the 2nd over - 1 run(s), 2 hit(s), 0 error(s), 1 left on base; Georgia Tech 0 - Florida State 1 |
TOP OF THE 3RD |
Georgia Tech Yellow Jackets batting - Pitching for Florida State Seminoles : RHP Mike Moyer
|
Batting: LHB Shawn Brown
|
0-0: Swinging Strike 0-1: Foul Ball, location: 2F 0-2: Ground out U3 (Groundball, 3)
|
Batting: SHB Stan Gómez
|
0-0: Ball 1-0: Swinging Strike 1-1: Swinging Strike 1-2: Foul Ball, location: 2F 1-2: Fly out, F9 (Flyball, 89XD)
|
Batting: LHB Gary White
|
0-0: Called Strike 0-1: Ball 1-1: Ball 2-1: Ground out 6-3 (Groundball, 6)
|
Top of the 3rd over - 0 run(s), 0 hit(s), 0 error(s), 0 left on base; Georgia Tech 0 - Florida State 1 |
BOTTOM OF THE 3RD |
Florida State Seminoles batting - Pitching for Georgia Tech Yellow Jackets : RHP Stephen Beairsto
|
Batting: LHB Allan Bates
|
0-0: Reached on Error, E7 (Flyball, 78M)
|
Batting: LHB Paul Cotton
|
0-0: SINGLE (Line Drive, 89S) Allan Bates to second Runner from 2nd tries for 3rd, SAFE, throw made to third Paul Cotton to second
|
Batting: RHB Adam Davis
|
0-0: Called Strike 0-1: Ball 1-1: Ball 2-1: Ball 3-1: SINGLE (Flyball, 8LM) Allan Bates scores Paul Cotton to third Runner from 3rd tries for Home, SAFE, no throw or cutoff
|
Batting: LHB Randy Wiggins
|
Single, Error in OF, E7, batter to second base Adam Davis to third
|
Batting: RHB Art Cameron
|
0-0: Ball 1-0: Ball 2-0: Called Strike 2-1: SINGLE (Groundball, 56D) Adam Davis scores Randy Wiggins to third Runner from 3rd tries for Home, SAFE, no throw or cutoff
|
Batting: RHB Aaron Duncan
|
0-0: Ball 1-0: Ball 2-0: SINGLE (Line Drive, 7S) Art Cameron to second
|
Batting: LHB Kevin Curtis
|
0-0: Swinging Strike 0-1: Ball 1-1: Ball 2-1: Called Strike 2-2: Fielders Choice at 2nd, 4-6 (Groundball, 34) Art Cameron to third
|
Batting: RHB Eugene Fisher
|
0-0: Foul Ball, location: 2F 0-1: Swinging Strike 0-2: Ball 1-2: Strikes out looking
|
Batting: RHB John Newman
|
0-0: Called Strike 0-1: Fielders Choice at 2nd, U4 (Groundball, 4M)
|
Bottom of the 3rd over - 4 run(s), 5 hit(s), 2 error(s), 2 left on base; Georgia Tech 0 - Florida State 5 |
TOP OF THE 4TH |
Georgia Tech Yellow Jackets batting - Pitching for Florida State Seminoles : RHP Mike Moyer
|
Batting: RHB Bob Corrigan
|
0-0: Foul Ball, location: 2F 0-1: Called Strike 0-2: Ground out 4-3 (Groundball, 4M)
|
Batting: RHB Joe Atkinson
|
0-0: Ball 1-0: Called Strike 1-1: Ball 2-1: Ball 3-1: Swinging Strike 3-2: Base on Balls
|
Batting: RHB Rickey Núñez
|
0-0: Ball 1-0: Foul Ball, location: 2F 1-1: Called Strike 1-2: Ball 2-2: Grounds into double play, 5-4-3 (Groundball, 5L)
|
Top of the 4th over - 0 run(s), 0 hit(s), 0 error(s), 0 left on base; Georgia Tech 0 - Florida State 5 |
BOTTOM OF THE 4TH |
Florida State Seminoles batting - Pitching for Georgia Tech Yellow Jackets : RHP Stephen Beairsto
|
Batting: LHB Allan Bates
|
0-0: Called Strike 0-1: Ball 1-1: Ground out 4-3 (Groundball, 4)
|
Batting: LHB Paul Cotton
|
0-0: Ball 1-0: Called Strike 1-1: SINGLE (Line Drive, 6MD)
|
Batting: RHB Adam Davis
|
0-0: Called Strike 0-1: Foul Ball, location: 2F 0-2: Strikes out swinging
|
Batting: LHB Randy Wiggins
|
0-0: Fly out, F7 (Popup, 6D)
|
Bottom of the 4th over - 0 run(s), 1 hit(s), 0 error(s), 1 left on base; Georgia Tech 0 - Florida State 5 |
TOP OF THE 5TH |
Georgia Tech Yellow Jackets batting - Pitching for Florida State Seminoles : RHP Mike Moyer
|
Batting: RHB Bobby Hulsey
|
0-0: Ground out 5-3 (Groundball, 56)
|
Batting: RHB Dave Bell
|
0-0: Ball 1-0: Ball 2-0: Foul Ball, location: 2F 2-1: Ground out 5-3 (Groundball, 15S)
|
Batting: RHB Xavier Silva
|
0-0: Ground out 5-3 (Groundball, 5)
|
Top of the 5th over - 0 run(s), 0 hit(s), 0 error(s), 0 left on base; Georgia Tech 0 - Florida State 5 |
BOTTOM OF THE 5TH |
Florida State Seminoles batting - Pitching for Georgia Tech Yellow Jackets : RHP Stephen Beairsto
|
Batting: RHB Art Cameron
|
0-0: Called Strike 0-1: Foul Ball, location: 2F 0-2: Ball 1-2: Strikes out swinging
|
Batting: RHB Aaron Duncan
|
0-0: Called Strike 0-1: Swinging Strike 0-2: SINGLE (Line Drive, 56D)
|
Batting: LHB Kevin Curtis
|
0-0: Foul Ball, location: 2F 0-1: Called Strike 0-2: Ball 1-2: Fly out, F6 (Line Drive, 6)
|
Batting: RHB Eugene Fisher
|
0-0: Ball 1-0: Ball 2-0: Foul Ball, location: 2F 2-1: Swinging Strike 2-2: Ball 3-2: Base on Balls Aaron Duncan to second
|
Pitching: LHP Dalton Hayes
|
|
Batting: RHB John Newman
|
0-0: Ball 1-0: Foul Ball, location: 2F 1-1: Fielders Choice at 2nd, 6-4 (Groundball, 6)
|
Bottom of the 5th over - 0 run(s), 1 hit(s), 0 error(s), 1 left on base; Georgia Tech 0 - Florida State 5 |
TOP OF THE 6TH |
Georgia Tech Yellow Jackets batting - Pitching for Florida State Seminoles : RHP Mike Moyer
|
Batting: LHB Shawn Brown
|
0-0: Called Strike 0-1: Ball 1-1: Called Strike 1-2: Ball 2-2: Ball 3-2: Base on Balls
|
Batting: SHB Stan Gómez
|
0-0: Swinging Strike 0-1: SINGLE (Line Drive, 89S) Shawn Brown to second
|
Batting: LHB Gary White
|
0-0: Ball 1-0: Reached on error, E6 (Groundball, 6M) Shawn Brown to third Stan Gómez to second
|
Batting: RHB Bob Corrigan
|
0-0: Called Strike 0-1: Ball 1-1: Swinging Strike 1-2: Ball 2-2: Strikes out swinging
|
Pitching: RHP Erik Hale
|
|
Batting: RHB Joe Atkinson
|
0-0: Ball 1-0: Swinging Strike 1-1: Swinging Strike 1-2: Foul Ball, location: 2F 1-2: Strikes out looking
|
Batting: RHB Rickey Núñez
|
0-0: Ball 1-0: Foul Ball, location: 2F 1-1: Ball 2-1: Fly out, F9 (Line Drive, 9S)
|
Top of the 6th over - 0 run(s), 1 hit(s), 1 error(s), 3 left on base; Georgia Tech 0 - Florida State 5 |
BOTTOM OF THE 6TH |
Florida State Seminoles batting - Pitching for Georgia Tech Yellow Jackets : LHP Dalton Hayes
|
Batting: LHB Allan Bates
|
0-0: Called Strike 0-1: Ball 1-1: Ball 2-1: Called Strike 2-2: Foul Ball, location: 2F 2-2: Foul Ball, location: 2F 2-2: Strikes out looking
|
Batting: LHB Paul Cotton
|
0-0: Called Strike 0-1: SINGLE (Groundball, 3D)
|
Batting: RHB Adam Davis
|
0-0: Swinging Strike 0-1: Ball 1-1: Ball 2-1: Ball 3-1: Foul Ball, location: 2F 3-2: Base on Balls Paul Cotton to second
|
Batting: LHB Randy Wiggins
|
0-0: Ball 1-0: SINGLE (Line Drive, 8RS) Paul Cotton to third Adam Davis to second Runner from 3rd tries for Home, SAFE, no throw or cutoff
|
Batting: RHB Art Cameron
|
0-0: Ball 1-0: Called Strike 1-1: Swinging Strike 1-2: Foul Ball, location: 2F 1-2: Ball 2-2: Strikes out swinging
|
Batting: RHB Aaron Duncan
|
0-0: Foul Ball, location: 2F 0-1: Ball Wild Pitch! Adam Davis to third Randy Wiggins to second 1-1: Called Strike 1-2: Ball 2-2: Foul Ball, location: 2F 2-2: Reached on error, E6 (Groundball, 6) Adam Davis scores Randy Wiggins to third
|
Batting: LHB Kevin Curtis
|
0-0: Called Strike 0-1: Ball 1-1: Ball 2-1: Called Strike 2-2: Ground out 5-3 (Groundball, 5S)
|
Bottom of the 6th over - 2 run(s), 2 hit(s), 1 error(s), 2 left on base; Georgia Tech 0 - Florida State 7 |
TOP OF THE 7TH |
Georgia Tech Yellow Jackets batting - Pitching for Florida State Seminoles : RHP Erik Hale
|
Batting: RHB Bobby Hulsey
|
0-0: Called Strike 0-1: Foul Ball, location: 2F 0-2: Strikes out swinging
|
Batting: RHB Dave Bell
|
0-0: Called Strike 0-1: Ball 1-1: Ball 2-1: Foul Ball, location: 2F 2-2: Ball 3-2: Base on Balls
|
Batting: RHB Xavier Silva
|
0-0: Ball 1-0: Foul Ball, location: 2F 1-1: Ball 2-1: Called Strike 2-2: Strikes out swinging
|
Batting: LHB Shawn Brown
|
0-0: Ball 1-0: Ball 2-0: Called Strike 2-1: Ball 3-1: Base on Balls Dave Bell to second
|
Batting: SHB Stan Gómez
|
0-0: Called Strike 0-1: Ball 1-1: Ground out 6-3 (Groundball, 6)
|
Top of the 7th over - 0 run(s), 0 hit(s), 0 error(s), 2 left on base; Georgia Tech 0 - Florida State 7 |
BOTTOM OF THE 7TH |
Florida State Seminoles batting - Pitching for Georgia Tech Yellow Jackets : LHP Dalton Hayes
|
Pitching: LHP Jared Steele
|
|
Batting: RHB Eugene Fisher
|
0-0: Called Strike 0-1: Swinging Strike 0-2: Strikes out swinging
|
Batting: RHB John Newman
|
0-0: Called Strike 0-1: Foul Ball, location: 2F 0-2: Ball 1-2: Ball 2-2: Ball 3-2: Foul Ball, location: 2F 3-2: Base on Balls
|
Batting: LHB Allan Bates
|
0-0: Called Strike 0-1: Ball 1-1: Grounds into double play, 4-6-3 (Groundball, 4)
|
Bottom of the 7th over - 0 run(s), 0 hit(s), 0 error(s), 0 left on base; Georgia Tech 0 - Florida State 7 |
TOP OF THE 8TH |
Georgia Tech Yellow Jackets batting - Pitching for Florida State Seminoles : RHP Erik Hale
|
Now in LF: George Wagner
|
|
Batting: LHB Gary White
|
0-0: Ball 1-0: Ball 2-0: Called Strike 2-1: Swinging Strike 2-2: Ball 3-2: Strikes out swinging
|
Pitching: LHP Juan Morán
|
|
Batting: RHB Bob Corrigan
|
0-0: Ball 1-0: Foul Ball, location: 2F 1-1: Reached on error, E6 (Groundball, 6)
|
Batting: RHB Joe Atkinson
|
0-0: Ball 1-0: Fly out, F8 (Flyball, 8LM)
|
Batting: RHB Rickey Núñez
|
0-0: Ball 1-0: Ball 2-0: Ball 3-0: Base on Balls
|
Batting: RHB Bobby Hulsey
|
0-0: Called Strike 0-1: Ball 1-1: 3-RUN HOME RUN (Flyball, 8LXD), Distance : 385 ft
|
Batting: RHB Dave Bell
|
0-0: Ball 1-0: Ball 2-0: Called Strike 2-1: Ball 3-1: Foul Ball, location: 2F 3-2: Foul Ball, location: 2F 3-2: Base on Balls
|
Batting: RHB Xavier Silva
|
0-0: Called Strike 0-1: Ball 1-1: Foul Ball, location: 2F 1-2: Ball 2-2: Strikes out looking
|
Top of the 8th over - 3 run(s), 1 hit(s), 1 error(s), 1 left on base; Georgia Tech 3 - Florida State 7 |
BOTTOM OF THE 8TH |
Florida State Seminoles batting - Pitching for Georgia Tech Yellow Jackets : LHP Jared Steele
|
Batting: LHB Paul Cotton
|
0-0: Called Strike 0-1: Foul Ball, location: 2F 0-2: Ball 1-2: Strikes out swinging
|
Batting: RHB Adam Davis
|
0-0: Ball 1-0: Ball 2-0: Ball 3-0: Called Strike 3-1: Base on Balls
|
Batting: LHB Randy Wiggins
|
0-0: Ball 1-0: Fly out, F8 (Flyball, 8RD)
|
Batting: RHB Art Cameron
|
0-0: SINGLE (Groundball, 13S) (infield hit) Adam Davis to second
|
Batting: RHB Aaron Duncan
|
0-0: Ball 1-0: SINGLE (Groundball, 6) Adam Davis to third Art Cameron to second Runner from 3rd tries for Home, SAFE, no throw or cutoff
|
Batting: LHB Kevin Curtis
|
0-0: Ball 1-0: Foul Ball, location: 2F 1-1: Ground out 3-1 (Groundball, 3)
|
Bottom of the 8th over - 1 run(s), 2 hit(s), 0 error(s), 2 left on base; Georgia Tech 3 - Florida State 8 |
TOP OF THE 9TH |
Georgia Tech Yellow Jackets batting - Pitching for Florida State Seminoles : LHP Juan Morán
|
Batting: LHB Shawn Brown
|
0-0: Ground out 6-3 (Groundball, 6M)
|
Batting: SHB Stan Gómez
|
0-0: Ground out 4-3 (Groundball, 4)
|
Batting: LHB Gary White
|
0-0: Fly out, F9 (Line Drive, 9S)
|
Top of the 9th over - 0 run(s), 0 hit(s), 0 error(s), 0 left on base; Georgia Tech 3 - Florida State 8 |
|